 Dungeon Crawl Stone Soup version 0.30-a0-352-g1e81539c98 (webtiles) character file.

Game seed: 15698296114563675523

11134 Amman the Basher (level 11, 0/115 HPs)
             Began as a Troll Berserker on Oct 25, 2022.
             Was a High Priest of Trog.
             Slain by a thrashing horror (5 damage)
             ... on level 2 of the Abyss on Nov 7, 2022.
             The game lasted 01:36:32 (12695 turns).

Amman the Basher (Troll Berserker)                 Turns: 12695, Time: 01:36:32

Health: 0/115      AC: -13   Str: 35    XL:     11   Next: 45%
Magic:  10/10      EV: 10    Int:  3    God:    Trog [*****.]
Gold:   580        SH:  0    Dex:  9    Spells: 10/10 levels left

rFire   + . .      SeeInvis .    O - +9 hand axe "Dib Luob" {vorpal, rElec Str+4}
rCold   . . .      Faith    .    (no shield)
rNeg    . . .      Spirit   .    e - +0 animal skin
rPois   .          Reflect  .    (helmet restricted)
rElec   +          Harm     .    K - +2 cloak
rCorr   .          Rampage  .    (gloves unavailable)
Will    .....                    (boots unavailable)
Stlth   +.........               (no amulet)
HPRegen 0.00/turn                C - +4 ring of protection
MPRegen 0.12/turn                o - ring of protection from fire

@: corroded, sick, studying Unarmed Combat
A: large, unfitting armour, claws 3, regeneration 1, shaggy fur 1, tough skin 1
a: Renounce Religion, Berserk, Trog's Hand, Brothers in Arms


You were on level 2 of the Abyss.
You worshipped Trog.
Trog was extremely pleased with you.
You visited 3 branches of the dungeon, and saw 13 of its levels.
You visited the Abyss 1 time.

You collected 616 gold pieces.
You spent 36 gold pieces at shops.

Inventory:

Hand Weapons
 a - a +2 whip of flaming
 b - a +0 sling
 O - the +9 hand axe "Dib Luob" (weapon) {vorpal, rElec Str+4}
   (You found it on level 10 of the Dungeon)

   It inflicts extra damage upon your enemies.
   Str:       It affects your strength (+4).
   rElec:     It insulates you from electricity.
Missiles
 c - a throwing net
 h - 109 stones
 G - 40 poisoned darts (quivered)
 H - 6 boomerangs
 I - 5 silver boomerangs
Armour
 e - a +0 animal skin (worn)
 K - a +2 cloak (worn)
Jewellery
 o - a ring of protection from fire (right claw)
 B - a ring of flight
 C - a +4 ring of protection (left claw)
Wands
 d - a wand of iceblast (3)
 u - a wand of paralysis (35)
 w - a wand of mindburst (2)
 z - a wand of flame (22)
Scrolls
 f - 10 scrolls of teleportation
 i - 2 scrolls of enchant armour {unknown}
 j - a scroll of brand weapon {unknown}
 k - 4 scrolls of immolation {unknown}
 m - 2 scrolls of silence {unknown}
 s - 2 scrolls of amnesia {unknown}
 x - a scroll of vulnerability {unknown}
 y - 2 scrolls of butterflies {unknown}
 D - 3 scrolls of identify
 E - a scroll of noise {unknown}
 J - a scroll of poison {unknown}
Potions
 g - a potion of heal wounds
 l - 3 potions of brilliance
 n - 4 potions of curing
 p - 2 potions of resistance
 q - 4 potions of attraction
 r - 2 potions of flight
 t - a potion of might {unknown}
 v - 3 potions of ambrosia
 A - 2 potions of invisibility
 F - a potion of cancellation {unknown}
 L - a potion of mutation {unknown}
 M - a potion of berserk rage {unknown}
 N - a potion of haste


   Skills:
 * Level 9.3 Fighting
 + Level 4.3(8.3) Axes
 - Level 12.0(12.3) Maces & Flails
 - Level 0.5 Ranged Weapons
 + Level 1.2 Throwing
 + Level 5.0 Dodging
 - Level 0.2 Stealth


You had 10 spell levels left.
You didn't know any spells.
Your spell library was empty.

Dungeon Overview and Level Annotations

Branches:
Dungeon (11/15)            Temple (1/1) D:5            Lair (0/5) D:10
    Orc (1/2) D:10

Altars:
Ashenzari
Cheibriados
Elyvilon
Fedhas
Gozag
Hepliaklqana
Kikubaaqudgha
Makhleb
Nemelex Xobeh
Okawaru
Qazlal
Ru
Sif Muna
Trog
Uskayaw
Vehumet
Wu Jian
Xom
Yredelemnul
Zin
The Shining One

Shops:
D:6 :   D:7 !

Annotations:
D:3 2 runed translucent doors, exclusion: 2 doors, foxfromabyss's ghost, amateur OgGl
D:9 exclusions: two-headed ogre and 1 more exclusion
D:10 3 runed translucent doors, exclusions: 3 doors and ice statue, ouz's ghost, journeyman KoBr


Innate Abilities, Weirdness & Mutations

You are too large for most types of armour.
You have claws for hands.
Your natural rate of healing is unusually fast.
You are covered in fur. (AC +1)
You have tough skin. (AC +1)


Message History

The rust devil is moderately wounded.
The rust devil hits you.
* * * LOW HITPOINT WARNING * * *
The rust devil corrodes you!
You hit the rust devil.
The rust devil is moderately wounded.
The rust devil hits you!
* * * LOW HITPOINT WARNING * * *
The rust devil corrodes you!
You hit the rust devil but do no damage.
The rust devil is moderately wounded.
You hit the rust devil but do no damage.
The rust devil is moderately wounded.
The rust devil hits you.
* * * LOW HITPOINT WARNING * * *
The rust devil corrodes you!
You hit the rust devil but do no damage.
The rust devil is moderately wounded.
The rust devil barely misses you.
You hit the rust devil.
The rust devil is moderately wounded.
A thrashing horror comes into view.
The rust devil hits you.
* * * LOW HITPOINT WARNING * * *
The rust devil corrodes you!
The thrashing horror roars!
You hit the rust devil but do no damage.
The rust devil is moderately wounded.
A thrashing horror comes into view.
The rust devil hits you!
* * * LOW HITPOINT WARNING * * *
The rust devil corrodes you!
The rust devil attacks as you move away!
The rust devil closely misses you.
The rust devil attacks as you move away!
The rust devil hits you.
* * * LOW HITPOINT WARNING * * *
The rust devil corrodes you! The thrashing horror tramples you.
You die...

.###.. .. ..
......# . ##.. #
..#. .# #. . ##
....##.#...#..
...#...#..#
##.##.#... . .#
#.#....####..# #
#.....4.@..# . .
....####.#.X.#..#
.X......##...# ##
#..###......#.#
#..##.#.....# #
#. ##....#..# . #
# #....##...#
###.## ##.. # #
#...#.#


You could see a thrashing horror and a rust devil.

Vanquished Creatures
  A shadow dragon (Abyss:2)
  A fire crab (D:10)
  Pikel (D:4)
  A worldbinder (Abyss:2)
  2 unseen horrors (D:10)
  A kobold demonologist (D:10)
  An ancient zyme (Abyss:2)
  A troll (D:9)
  3 hornets
  3 blink frogs (Abyss:2)
  3 large abominations (Abyss:2)
  3 yaks (D:10)
  2 steam dragons
  Edmund (D:5)
  Duvessa (D:5)
  A swamp drake (D:10)
  A black bear (D:5)
  3 orc warriors
  5 sky beasts
  An ice beast (D:6)
  2 centaurs
  2 ogres
  A phantom (D:4)
  3 lemures (D:4)
  6 kobold brigands
  4 bullfrogs
  2 gnoll sergeants
  A scorpion (D:5)
  8 wights
  A small abomination (Abyss:2)
  Dowan (D:5)
  19 killer bees
  A crimson imp (D:10)
  5 howler monkeys
  A jelly (D:7)
  5 hounds
  4 orc priests
  Crazy Yiuf (D:7)
  2 gnoll boudas
  An iron imp (D:7)
  Terence (D:2)
  4 iguanas
  Natasha (thrice) (D:3)
  6 orc wizards
  18 gnolls
  7 adders
  2 shadow imps
  3 white imps
  3 worms
  A dart slug (D:3)
  32 orcs
  6 endoplasms
  3 giant cockroaches
  A goblin (D:1)
  9 hobgoblins
  15 jackals
  26 kobolds
  4 quokkas
  4 ball pythons
  4 bats
  6 frilled lizards
  A goblin skeleton (D:7)
  A goblin zombie (D:7)
  2 hobgoblin zombies (D:7)
  A kobold skeleton (D:7)
  A kobold zombie (D:7)
  An orc skeleton (D:7)
  An orc zombie (D:7)
  7 rats
279 creatures vanquished.

Vanquished Creatures (others)
  A howler monkey (D:10)
  5 fungi (D:1)
  A lurking horror (Abyss:2)
  6 plants
13 creatures vanquished.

Grand Total: 292 creatures vanquished

Notes
Turn   | Place    | Note
-------+----------+-------------------------------------------
     0 | D:1      | Amman the Troll Berserker began the quest for the Orb.
     0 | D:1      | Reached XP level 1. HP: 22/22 MP: 0/0
   508 | D:1      | Reached XP level 2. HP: 29/29 MP: 1/1
   520 | D:1      | Reached skill level 3 in Maces & Flails
  1052 | D:2      | Reached XP level 3. HP: 21/36 MP: 2/2
  1219 | D:2      | Reached ** piety under Trog
  1433 | D:2      | Found a glowing silver altar of Zin.
  1446 | D:2      | Noticed Terence
  1467 | D:2      | Killed Terence
  1468 | D:2      | Reached XP level 4. HP: 39/44 MP: 3/3
  2371 | D:3      | Found a broken altar of Ashenzari.
  2605 | D:3      | Noticed Natasha
  2617 | D:3      | Killed Natasha
  2618 | D:3      | Reached skill level 4 in Maces & Flails
  2618 | D:3      | Reached XP level 5. HP: 52/52 MP: 4/4
  2753 | D:3      | Found a burning altar of Makhleb.
  2786 | D:3      | Found a runed translucent door.
  2788 | D:3      | Noticed foxfromabyss's ghost (amateur OgGl)
  2915 | D:3      | Found a runed translucent door.
  2954 | D:3      | Found an ancient bone altar of Kikubaaqudgha.
  2954 | D:3      | Found a shimmering blue altar of Sif Muna.
  2989 | D:3      | Noticed Natasha
  2993 | D:3      | Killed Natasha
  3019 | D:3      | Noticed Natasha
  3040 | D:3      | Killed Natasha
  3338 | D:5      | Entered Level 5 of the Dungeon
  3389 | D:4      | Noticed an ogre
  3406 | D:4      | Killed an ogre
  3407 | D:4      | Reached skill level 5 in Maces & Flails
  3407 | D:4      | Reached XP level 6. HP: 61/61 MP: 5/5
  3851 | D:4      | Noticed Pikel
  4190 | D:4      | Identified the +4 chain mail of Upiseemi {rN+ Int+2}
  4251 | D:4      | Killed Pikel
  4252 | D:4      | Reached skill level 7 in Maces & Flails
  4252 | D:4      | Reached XP level 7. HP: 62/68 MP: 6/6
  4472 | D:4      | Found a hazy altar of Hepliaklqana.
  4844 | D:5      | Identified the +0 leather armour of the Battered Emperors
                  | {rC- Str+5 Dex+6}
  4918 | D:5      | Noticed Dowan
  4920 | D:5      | Noticed Duvessa
  4990 | D:5      | Identified the +2 ring mail "Aggyitzu" {rElec Str+2 Int-4
                  | Dex+2}
  5049 | D:5      | Killed Duvessa
  5050 | D:5      | Reached XP level 8. HP: 78/78 MP: 7/7
  5051 | D:5      | Killed Dowan
  5126 | D:5      | Reached skill level 8 in Maces & Flails
  5181 | D:5      | Reached *** piety under Trog
  5305 | D:5      | Found a staircase to the Ecumenical Temple.
  5312 | Temple   | Entered the Ecumenical Temple
  5663 | D:5      | Noticed Edmund
  5680 | D:5      | Killed Edmund
  5681 | D:5      | Reached skill level 9 in Maces & Flails
  6013 | D:5      | Found a radiant altar of Vehumet.
  6250 | D:6      | Reached skill level 5 in Fighting
  6260 | D:6      | Reached XP level 9. HP: 77/88 MP: 8/8
  6479 | D:6      | Found a hide-covered altar of Uskayaw.
  6533 | D:6      | Found an opulent altar of Gozag.
  6647 | D:6      | Reached skill level 10 in Maces & Flails
  6674 | D:6      | Found an iron altar of Okawaru.
  7002 | D:6      | Found Fibeku's Book Shoppe.
  7604 | D:7      | Found a shimmering altar of Xom.
  7609 | D:7      | Found a shimmering altar of Xom.
  7609 | D:7      | Found a shimmering altar of Xom.
  7609 | D:7      | Found a shimmering altar of Xom.
  7609 | D:7      | Found a shimmering altar of Xom.
  7612 | D:7      | Found a shimmering altar of Xom.
  7668 | D:7      | Found Duiqumec's Distillery.
  7676 | D:7      | Bought a potion of curing for 36 gold pieces
  8102 | D:7      | Noticed a torpor snail
  8156 | D:7      | Noticed a harpy
  8160 | D:7      | Noticed an orb spider
  8205 | D:7      | Reached **** piety under Trog
  8205 | D:7      | Found a glowing golden altar of the Shining One.
  8258 | D:7      | Paralysed by a hornet for 2 turns
  8267 | D:7      | Reached skill level 11 in Maces & Flails
  8570 | D:7      | Noticed a jorogumo
  8686 | D:7      | Found a runed translucent door.
  8687 | D:7      | Noticed Crazy Yiuf
  8695 | D:7      | Killed Crazy Yiuf
  8878 | D:7      | Noticed a six-headed hydra
  9014 | D:8      | Found an ornate altar of the Wu Jian Council.
  9227 | D:8      | Reached XP level 10. HP: 89/98 MP: 9/9
  9795 | D:10     | Entered Level 10 of the Dungeon
  9850 | D:9      | Reached skill level 12 in Maces & Flails
 10634 | D:9      | Noticed a two-headed ogre
 10734 | D:9      | Reached ***** piety under Trog
 10925 | D:9      | Noticed a two-headed ogre
 11088 | D:10     | Found a runed translucent gate.
 11088 | D:10     | Found a runed translucent gate.
 11088 | D:10     | Found a runed translucent gate.
 11093 | D:10     | Noticed ouz's ghost (journeyman KoBr)
 11094 | D:10     | Identified the +5 plate armour "Duamiomp" {+Inv}
 11125 | D:10     | Upgraded the game from 0.30-a0-311-gf115ab0292 to
                  | 0.30-a0-341-g682706514a
 11332 | D:10     | Identified the +9 hand axe "Dib Luob" {vorpal, rElec Str+4}
 11334 | D:10     | Upgraded the game from 0.30-a0-341-g682706514a to
                  | 0.30-a0-352-g1e81539c98
 11364 | D:10     | Received a gift from Trog
 11471 | D:10     | Noticed a soul eater
 11756 | D:10     | Found a staircase to the Lair.
 11756 | D:10     | Noticed a fire crab
 11824 | D:10     | Killed a fire crab
 11825 | D:10     | Reached skill level 1 in Axes
 11825 | D:10     | Reached skill level 1 in Throwing
 11997 | D:10     | Reached XP level 11. HP: 68/113 MP: 10/10
 12187 | D:10     | Found a staircase to the Orcish Mines.
 12210 | Orc:1    | Entered Level 1 of the Orcish Mines
 12210 | Orc:1    | Noticed an ettin
 12462 | D:10     | Noticed a wizard
 12482 | Abyss:2  | Cast into level 2 of the Abyss (a wizard)
 12533 | Abyss:2  | Noticed a shadow dragon
 12567 | Abyss:2  | Noticed a naga warrior
 12567 | Abyss:2  | Noticed a naga warrior
 12568 | Abyss:2  | Noticed a naga warrior
 12575 | Abyss:2  | Noticed a naga warrior
 12575 | Abyss:2  | Killed a shadow dragon
 12662 | Abyss:2  | Reached skill level 5 in Dodging
 12689 | Abyss:2  | Noticed a thrashing horror
 12690 | Abyss:2  | Noticed a thrashing horror
 12692 | Abyss:2  | HP: 5/115 [rust devil (2)]
 12695 | Abyss:2  | Slain by a thrashing horror

Illustrated notes

Levels and vault maps discovered:
D:1:      lemuel_arrival_muddy, layout_loops_ring
D:2:      layout_loops_corners, basic_altar, uniq_terence
D:3:      layout_loops_corners, ashenzari_conservatory_becter,
          mainiacjoe_overflow_24_doors, nicolae_overflow_two_pavilions,
          ebering_ghost_sewer_f, uniq_natasha
D:4:      layout_cave_pods, mainiacjoe_overflow_concentric_impassable,
          serial_rivers, chequers_serial_rivers_small_b,
          chequers_serial_rivers_micro_c, chequers_serial_rivers_large_b,
          chequers_serial_rivers_small_b, minmay_manual_mail, uniq_pikel
D:5:      layout_layer_cave, mainiacjoe_overflow_alcove_2,
          minmay_temple_entry_junction_2, kennysheep_opposing_triangles,
          uniq_edmund, uniq_duvessa
D:6:      layout_layer_cave, okawaru_trees_1,
          nicolae_gozag_cash_rules_everything_around_me,
          nicolae_uskayaw_suspiria, serial_shops, kennysheep_mini,
          minmay_between
D:7:      layout_gridville, nicolae_tso_besieged_by_evil, xom_shifter_show,
          serial_shops, shop, corexii_checkpoint_a, uniq_crazy_yiuf_cottage
D:8:      layout_rooms, nicolae_wu_jian_wuxing_cycle
D:9:      minmay_polygon_palace, layout_basic
D:10:     layout_basic, grunt_dithmenos_smoke, minmay_lair_entry_lava,
          erik_orc_1, biasface_ghost_orc_armoury, enter_bailey_2,
          nicolae_zen_rock_garden, chequers_serial_rivers_micro_c, minivault_16,
          lightli_wizard_tower
D:11:     layout_irregular_city, bh_hangedman_babel_library, uniq_harold
Temple:   nicolae_temple_figure_zero
Orc:1:    layout_caves, uniq_sonja
Abyss:2:  base:
D:3

Skill      XL: |  1  2  3  4  5  6  7  8  9 10 11 |
---------------+----------------------------------+-----
Maces & Flails | 3 4 5 7 9 11 12 | 12.0
Dodging        | 3 4 5 |  5.0
Fighting       | 3 4 5 6 8 9 |  9.3
Axes           | 1 4 |  4.3
Throwing       | 1 |  1.2
Ranged Weapons | |  0.5
Stealth        | |  0.2

Action                   |  1- 3 |  4- 6 |  7- 9 | 10-12 || total
-------------------------+-------+-------+-------+-------++-------
Melee: Mace              |   113 |    52 |       |       ||   165
       Flail             |       |   129 |       |       ||   129
       Punch             |       |     2 |     3 |     7 ||    12
       Whip              |       |       |   499 |   227 ||   726
       Hand axe          |       |       |       |   175 ||   175
 Fire: Sling             |     6 |     6 |    10 |       ||    22
Throw: Dart              |       |       |       |     7 ||     7
       Boomerang         |       |       |       |     4 ||     4
Invok: Berserk           |       |     6 |     6 |     5 ||    17
  Use: Scroll            |       |       |     5 |     3 ||     8
       Potion            |       |       |       |     2 ||     2
 Stab: Sleeping          |       |     2 |       |       ||     2
Armor: Animal skin       |    39 |    43 |   158 |   136 ||   376
Dodge: Dodged            |    56 |    80 |   183 |   123 ||   442

Table legend: (Time is in decaauts)
 A = Elapsed time spent in this place.
 B = Non-inter-level travel time spent in this place.
 C = Inter-level travel time spent in this place.
 D = Time resting spent in this place.
 E = Time spent auto-exploring this place.
 F = Levels seen in this place.
 G = Mean time per level.
                   A        B        C        D        E       F      G
               +--------+--------+--------+--------+--------+-----+--------+
         Total |  12637 |  11789 |    848 |   1675 |   6216 |  14 |  902.6 |
       Dungeon |  12296 |  11448 |    848 |   1616 |   6064 |  11 | 1117.8 |
        Temple |    123 |    123 |      0 |      0 |    106 |   1 |  123.0 |
  Orcish Mines |      1 |      1 |      0 |      0 |      0 |   1 |    1.0 |
         Abyss |    216 |    216 |      0 |     59 |     46 |   1 |  216.0 |
               +--------+--------+--------+--------+--------+-----+--------+

Top non-repeatable levels by time:
     D:4: 1653 daAuts
    D:10: 1436 daAuts
     D:6: 1397 daAuts
     D:9: 1240 daAuts
     D:5: 1235 daAuts
     D:3: 1227 daAuts
     D:7: 1221 daAuts
     D:2: 1120 daAuts
     D:1: 1054 daAuts
     D:8: 707 daAuts
 Abyss:2: 216 daAuts
  Temple: 123 daAuts
   Orc:1: 1 daAuts
    D:11: 1 daAuts
